 Dungeon Crawl Stone Soup version 0.29.1-12-g30fa7ad0bf (webtiles) character file.

Game seed: 2544522986796602402

394 bencek the Cudgeller (level 6, -4/79 HPs)
             Began as a Minotaur Fighter on Jan 15, 2023.
             Slain by an iron imp (5 damage)
             ... summoned by Eustachio
             ... on level 4 of the Dungeon.
             The game lasted 00:09:48 (2863 turns).

bencek the Cudgeller (Minotaur Fighter)             Turns: 2863, Time: 00:09:48

Health: -4/79      AC: 30    Str: 27    XL:     6   Next: 51%
Magic:  5/5        EV:  2    Int:  5    God:
Gold:   185        SH:  4    Dex:  9    Spells: 5/5 levels left

rFire   . . .      SeeInvis .   f - +7 short sword "Kickes" {protect, rElec rCorr Str+4 Stlth+}
rCold   . . .      Faith    .   c - +0 buckler
rNeg    . . .      Spirit   .   (body armour currently unavailable)
rPois   +          Reflect  .   (helmet currently unavailable)
rElec   +          Harm     .   (cloak currently unavailable)
rCorr   +          Rampage  .   (gloves currently unavailable)
Will    .....      NoTele   +   (boots currently unavailable)
Stlth   ++........              (no amulet)
HPRegen 0.23/turn               (no ring)
MPRegen 0.09/turn               (no ring)

@: tree-form, under a protective aura
A: stationary, stasis, torment immunity, boosted hp, (horns 2), (retaliatory
headbutt)
a: no special abilities


You were on level 4 of the Dungeon.
You were a tree.
You visited 1 branch of the dungeon, and saw 4 of its levels.

You collected 185 gold pieces.

Inventory:

Hand Weapons
 a - a +0 flail
 f - the +7 short sword "Kickes" (weapon) {protect, rElec rCorr Str+4 Stlth+}
   (You found it on level 4 of the Dungeon)

   It grants its wielder temporary protection when it strikes (+7 to AC).
   Str:       It affects your strength (+4).
   rElec:     It insulates you from electricity.
   rCorr:     It protects you from acid and corrosion.
   Stlth:     It makes you more stealthy.
Missiles
 k - a throwing net (quivered)
Armour
 b - a +0 scale mail
 c - a +0 buckler (worn)
 m - a +3 scale mail of cold resistance (melded)
 p - a +0 pair of gloves (melded)
Scrolls
 e - a scroll of amnesia {unknown}
Potions
 i - 2 potions of lignification


   Skills:
 + Level 4.7 Fighting
 - Level 7.3 Maces & Flails
 + Level 4.7 Armour
 - Level 3.6 Shields


You had 5 spell levels left.
You didn't know any spells.
Your spell library contained the following spells:

 Spells                   Type           Power      Damage    Failure   Level
 Foxfire                  Conj/Fire      0%         2x1d4     56%         1
 Conjure Flame            Conj/Fire      0%         6-21      91%         3
 Inner Flame              Hex/Fire       0%         N/A       91%         3
 Flame Wave               Conj/Fire      0%         2d4       100%        4


Dungeon Overview and Level Annotations

Branches:
Dungeon (4/15)
 Temple: D:4-7

Altars:

Annotations:
D:4 Eustachio


Innate Abilities, Weirdness & Mutations

You are a tree.
Your roots penetrate the ground, keeping you stationary.
You cannot be teleported.
You are immune to unholy pain and torment.
Your maximum health is greatly increased.
Your equipment is partially melded.
((You have a pair of horns on your head.))
((You reflexively headbutt those who attack you in melee.))


Message History

Eustachio mumbles some strange words.
Eustachio blinks!
You block the quasit's attack. The quasit barely misses you.
The quasit claws you but does no damage.
You hit the river rat.
You kill the river rat!
The river rat's corpse disappears in a puff of smoke!
The quasit bites you but does no damage.
The quasit claws you but does no damage.
You block the quasit's attack.
Eustachio gestures wildly while chanting.
You closely miss the iguana.
The quasit disappears in a puff of smoke!
The iguana completely misses you.
The shadow imp disappears for a moment.
You barely miss the iguana.
The iguana bites you but does no damage.
The iguana barely misses you.
Eustachio casts a spell.
The iron imp hits you but does no damage.
You hit the iguana but do no damage. You block the iguana's attack.
The iron imp barely misses you.
You hit the iguana.
The iguana is lightly wounded.
The iguana bites you but does no damage.
You barely miss the iguana.
The iguana is lightly wounded.
The iron imp hits you but does no damage.
The iguana bites you but does no damage.
You hit the iguana but do no damage.
The iguana is lightly wounded.
The iron imp hits you.
* * * LOW HITPOINT WARNING * * *
The iguana bites you but does no damage.
Eustachio mumbles some strange words.
You hit the iguana.
The iguana is moderately wounded.
The iguana bites you!
* * * LOW HITPOINT WARNING * * *
The iron imp hits you.
You die...

..........#§§§§§##.##...
...........####§........
...........$####..§...#.
#........##......r§.....
.......... ####.r###!...
#..........####.b@# ##.
...............5b##
..?...........##5###
...=.......... #♣l.#
......W...... ###....#
...........<. ..>...
......###... #.##.
#.....#... .# #.[.#....
. ####..## . .......##
.#####..#


You could see Eustachio, an iguana, an iron imp (summoned), a river rat
(summoned), a shadow imp (summoned), 2 bats and a rat (summoned).

Vanquished Creatures
  An ice beast (D:3)
  A phantom (D:4)
  A jelly (D:4)
  2 orc priests (D:4)
  2 adders
  3 gnolls (D:3)
  A worm (D:2)
  3 dart slugs
  2 orcs
  3 ball pythons
  8 endoplasms
  12 hobgoblins
  9 jackals
  5 kobolds
  3 quokkas
  5 bats
  3 frilled lizards
  7 goblins
  3 rats (D:1)
74 creatures vanquished.

Notes
Turn   | Place    | Note
-------+----------+-------------------------------------------
     0 | D:1      | bencek the Minotaur Fighter began the quest for the Orb.
     0 | D:1      | Reached XP level 1. HP: 19/19 MP: 0/0
    88 | D:1      | Reached skill level 3 in Maces & Flails
    94 | D:1      | Reached XP level 2. HP: 25/26 MP: 1/1
   258 | D:1      | Reached skill level 4 in Maces & Flails
   314 | D:1      | Reached XP level 3. HP: 26/31 MP: 2/2
   832 | D:2      | Reached skill level 5 in Maces & Flails
  1127 | D:2      | Reached XP level 4. HP: 34/39 MP: 3/3
  1591 | D:3      | Noticed an ice beast
  1602 | D:3      | Killed an ice beast
  1603 | D:3      | Reached skill level 6 in Maces & Flails
  1603 | D:3      | Reached XP level 5. HP: 25/45 MP: 4/4
  1832 | D:3      | Found a faded altar of an unknown god.
  2197 | D:3      | Reached skill level 7 in Maces & Flails
  2699 | D:4      | Identified the +7 short sword "Kickes" {protect, rElec
                  | rCorr Str+4 Stlth+}
  2795 | D:4      | Noticed a phantom
  2819 | D:4      | Reached XP level 6. HP: 19/52 MP: 5/5
  2830 | D:4      | Noticed Eustachio
  2863 | D:4      | HP: 1/79 [iguana (10)]
  2863 | D:4      | Slain by an iron imp

Illustrated notes

Levels and vault maps discovered:
D:1:      dpeg_arrival_three_bigger_balls, layout_basic,
          wad_floor_pattern_untrapped
D:2:      layout_loops_ring
D:3:      layout_loops_corners, basic_ecumenical_altar
D:4:      layout_rooms, grunt_temple_overflow_growth_and_decay,
          lightli_temple_of_fire, uniq_eustachio

Skill      XL: |  1  2  3  4  5 |
---------------+----------------+-----
Maces & Flails | 3 4 5 6 7 |  7.3
Fighting       | 4 |  4.7
Armour         | 4 |  4.7
Shields        | |  3.6

Action                   |  1- 3 |  4- 6 || total
-------------------------+-------+-------++-------
Melee: Flail             |    94 |    59 ||   153
       Headbutt          |    13 |    10 ||    23
       Short sword       |       |    42 ||    42
  Use: Potion            |       |     7 ||     7
       Scroll            |       |    10 ||    10
Armor: Scale mail        |    32 |    44 ||    76
       Skin              |       |    32 ||    32
Dodge: Dodged            |    44 |    42 ||    86
Block: Buckler           |    15 |    21 ||    36
